[Event "Khanty-Mansiysk FIDE GP (Women)"]
[Site "Khanty-Mansiysk"]
[Date "2014.04.10"]
[Round "2"]
[White "Stefanova, Antoaneta"]
[Black "Ushenina, Anna"]
[Result "1-0"]
[ECO "D02"]
[WhiteElo "2489"]
[BlackElo "2501"]
[Annotator "ChessBase Website"]
[PlyCount "127"]
[EventDate "2014.04.09"]
[EventType "tourn"]
[EventRounds "11"]
[EventCountry "RUS"]
[EventCategory "10"]
[SourceTitle "CBM 160"]
[Source "ChessBase"]
[SourceDate "2014.05.15"]
[SourceVersion "1"]
[SourceVersionDate "2014.05.15"]
[SourceQuality "1"]
[TimeControl "40/5400+30:1800+30"]
[WhiteClock "1:30:00"]
[BlackClock "1:30:00"]

1. Nf3 d5 2. g3 Bg4 3. Bg2 c6 4. O-O Nd7 5. d4 e6 6. Nbd2 Ngf6 7. Re1 Be7 8. e4 O-O 9. c3 Bh5 10. e5 Ne8 11. Nb3 a5 (11... Nc7 12. Be3 Na6 13. Nc1 c5 14. Nd3 cxd4 15.
Bxd4 Nab8 16. Qb3 Nb6 17. Nd2 Bg6 18. Nf4 Nc6 19. Nxg6 hxg6 20. Be3 d4 21. cxd4
Nxd4 22. Bxd4 Qxd4 23. Rad1 Rab8 24. Nb1 Qb4 25. Nc3 Rfd8 26. Rxd8+ Rxd8 27.
Qxb4 Bxb4 28. Rd1 Rxd1+ 29. Nxd1 Nc4 30. Bxb7 Nxe5 31. Kf1 Kf8 32. Ke2 Ke7 33.
h4 Bc5 34. Ba6 f5 35. a3 Ng4 36. b4 Bd4 37. Bb7 e5 38. Bc8 Kd8 39. Be6 Ke7 40.
Bc8 Kd8 41. Be6 {Kokarev,D (2625)-Bukavshin,I (2578) Taganrog 2014 1/2-1/2})
12. Be3 Nc7 13. Nc1 c5 $146 (13... a4 14. Nd3 c5 15. dxc5 Na6 16. Bd4 Naxc5 17. Nf4 Bg4
18. h3 Bf5 19. Bxc5 Bxc5 20. Nh4 Bg6 21. Nhxg6 hxg6 22. Qg4 Qc7 23. Nd3 Be7 24.
a3 Nc5 25. Rad1 Qb6 26. Nb4 Na6 27. Bf1 Nc5 28. Bg2 Nb3 29. Nd3 Nc5 30. Nb4 Nb3
{1/2-1/2 (30) Rapport,R (2543)-Ragger,M (2655) Austria 2012}) 14. Nd3 cxd4 15. cxd4 Nb6 16. Nf4 Bg4 17. h3 Bf5 18. Nd2 Na6 19. g4 Bg6 20. a3 a4 21.
Rc1 Nb8 22. Bf1 Nc6 23. Nd3 Nd7 24. Nf4 Nb6 25. Nf3 Na5 26.
Nd2 Qd7 27. Nxg6 fxg6 28. Bd3 Rac8 29. Qe2 Rxc1 30. Rxc1 Rc8 31. Rxc8+ Qxc8 32. f4 Nbc4 33. Nxc4 Nxc4 34. Bf2 b5 35. f5 gxf5 36. gxf5 b4 37. axb4 Bxb4 38. Qc2 Nb6 39. Qxc8+ Nxc8 40. fxe6 {[%emt 0:00:00] White's
positional advantages transformed into an extra pawn in the endgame. This
coupled with the pair of bishops gave her great winning chances, but the
conversion was far from trivial. Unlike yesterday, this time Stefanova was
spot on and she slowly pushed Ushenina back until the Bulgarian took the full
point.} h6 41. Bb5 Bc3 42.
Bxa4 Bxb2 43. Kg2 Kf8 44. Kf3 Ke7 45. Bd7 Nb6 46. Kg4 g6 47.
Bh4+ g5 48. Bf2 Nc4 49. Kh5 Bc1 50. Kxh6 Ne3 51. Kh5 Ng2 52. Kg4 Bd2 53. Bc8 Bc1 54. Bg3 Bd2 55. Kf3 Nh4+ 56. Ke2 Ba5 57. Bf2 Bb4 58. Be3 Nf5 59. Bxg5+ Kf8 60. Kd3 Be1 61. Bb7 Bf2 62. e7+ Nxe7 63. Bxe7+ Kxe7 64. Bxd5 1-0

[Event "Sautron op 13th"]
[Site "Sautron"]
[Date "2013.10.28"]
[Round "3"]
[White "Burmakin, Vladimir"]
[Black "Drasko, Milan"]
[Result "1-0"]
[ECO "D02"]
[WhiteElo "2581"]
[BlackElo "2451"]
[Annotator "Primel,D"]
[PlyCount "119"]
[EventDate "2013.10.26"]
[EventType "swiss"]
[EventRounds "9"]
[EventCountry "FRA"]
[SourceTitle "EXT 2014"]
[Source "ChessBase"]
[SourceDate "2013.11.20"]
[SourceVersion "1"]
[SourceVersionDate "2013.11.20"]
[SourceQuality "1"]
[TimeControl "40/5400+30:1800+30"]
[WhiteClock "1:30:00"]
[BlackClock "1:30:00"]

1. d4 e6 2. g3 d5 3. Nf3 b5 $1 (3... Nf6 4.
Bg2 b5 5. O-O Nbd7 6. a4 b4 7. c4 bxc3 8. Nxc3 Be7 9. Bf4 a6 10. Ne5 Nxe5 11.
dxe5 Nd7 12. e4 c6 13. exd5 cxd5 14. h4 O-O 15. Ne2 a5 16. Nd4 Qb6 17. Be3 Nxe5
18. Rc1 Qb4 19. Bf4 Bf6 20. Re1 Nd3 21. Nc2 Qb3 22. Re3 Nxc1 23. Rxb3 Nxb3 24.
Ne3 Nd4 25. Ng4 e5 26. Nxe5 Ne6 27. Qxd5 Ra6 28. Be3 Rd8 29. Qe4 Rad6 30. Kh2
Nd4 31. Ng4 Bxg4 32. Qxg4 g6 33. Bg5 {Wang Yue (2716)-Timofeev,A (2690) Ningbo
2010 1/2-1/2}) 4. Qd3 $5 {[%emt 0:00:37][%cal Gd3b5,Ge2e4] Un ordre de coups
trés rare} (4. Bg2 {La grande ligne}) 4... a6 $146 (4... Ba6
5. Bg2 Nf6 6. Bg5 c5 7. c3 Nbd7 8. a4 Qb6 9. axb5 Bxb5 10. Qc2 h6 11. Be3 Ng4
12. Bc1 cxd4 13. Nxd4 Bc5 14. O-O Bxd4 15. cxd4 Qxd4 16. Nc3 Qb6 17. h3 Ngf6
18. Be3 Qb7 19. Qb3 Bc6 20. Qxb7 Bxb7 21. Rxa7 Rxa7 22. Bxa7 Ke7 23. f4 Rc8 24.
Bd4 Nc5 25. Rd1 h5 26. Bf3 g6 27. Bf2 Nfe4 28. Bxe4 Nxe4 29. Nxe4 dxe4 30. Be3
Rc2 31. Rd2 Rxd2 32. Bxd2 Kd6 33. Kf2 {1/2-1/2 (33) Alekseev,E (2691)-Galkin,A
(2597) Irkutsk 2010}) 5. e4 dxe4 6. Qxe4 Ra7 7. Bg2 Nf6 (7... Bb7 8. Qe2 Nf6 9. O-O) 8. Qe2 c5 $1 {
[%emt 0:04:04] La partie va basculer vers une structure de sicilienne et la
Ra7 sera ensuite bien placée en c7 ou d7} 9. Be3 cxd4 10. Bxd4 $32 Rd7 11. c3 (11. Be3 Be7 (11... Nd5 $132)) 11... Nc6 12.
O-O Be7 (12... Nxd4 13. Nxd4 Be7 14. a4 $1 ) 13. a4 $1 b4 14. Ne5 Nxd4 $6 (14... Nxe5 $142 15. Bxe5 bxc3 (15...
O-O) 16. Nxc3 O-O 17. Rad1 Qb6 $132 ) 15. cxd4 Rc7 16. Bc6+ Kf8 (16... Nd7) 17.
Nd2 g6 18. Nb3 Kg7 19. Rac1 Bd6 20. Rc4 Qe7 21. Rfc1 h5 22. h4 Nd5 $6 23. Qf3 (23. Nxg6 $1 fxg6 24. Bxd5 Rxc4 (24... exd5 25. Rxc7) 25. Bxc4)
23... Nb6 24. R4c2 Bxe5 25.
dxe5 Rd8 26. a5 (26. Nd2 Bb7 27. Bxb7 Rxb7 28. Ne4 $36 ) 26... Nd5 27. Bxd5 Rxc2 28. Rxc2 exd5 29. Qf4 Bf5 30. Rc6 Re8 31. Nd4 $1 Qxe5 32. Nxf5+ Qxf5 33. Qxf5 gxf5 34.
Kf1 Re6 35. Rb6 $1 f4 36. Rxb4 f3 37. Rf4 Re2 38. b3 Ra2 39. Rxf3 Rxa5 40. Ke2 Ra2+ 41. Kd3 {[%emt 0:00:36][%csl Gd3,Rg7] Le K Noir est
coupé et les Blancs ont une meilleure finale} a5 42. Rf5 (42. Kd4 Rd2+) 42... Kg6 43. Rg5+ Kh6 44. Rxd5 a4 (44...
Rxf2 45. Rxa5 Rf3+ 46. Kc4 Rxg3 47. Rd5 (47. b4 Rg4+)) 45. Rd6+ Kg7 46. b4 $5 (46. bxa4 {
Semble plus naturel mais le P passé est trés fort}) 46... Rxf2 47. Ra6 Rf3+ 48. Kc4 Rxg3 49. b5 $44 Rg4+ $2 (
49... f5 {"Les P passés doivent être poussés "disait Aaron} 50. b6 Rb3 51.
Ra7+ Kg6 52. Kc5 a3 (52... f4) 53. b7 f4 54. Kc6 Rc3+ (54... f3 55. Rxa3 $1)
55. Kd7 Rd3+ 56. Kc7 Rc3+ 57. Kb6 f3 $11 ) 50. Kc5 Rxh4 51. b6 $44 {[%emt 0:00:26] Une position
intéressante ou la force du Pb6 est plus importante que l'avantage matériel}
Rh1 52. b7 Rc1+ 53. Kd6 Rb1 54. Kc7 Rxb7+ $2
$138 {[%emt 0:04:19] Il restait moins de 02 mns pour finir la partie mais un
GMI aussi expérimenté devait pouvoir gérer cette position technique} (54...
a3 $1 55. b8=Q (55. Rxa3 h4 56. b8=Q Rxb8 57. Kxb8 Kg6 58. Kc7 f5 59. Kd6 Kg5
60. Ke5 Kg4 $11) 55... Rxb8 56. Kxb8 {La différence entre les deux variantes
est le fait que le Kb8 est plus éloigné des P adverses.}) 55. Kxb7 h4 56. Rxa4 Kf6 57.
Rxh4 Ke5 58. Kc6 f5 59. Kc5 f4 60. Kc4 1-0

[Event "Rohde op 12th"]
[Site "Sautron"]
[Date "2012.11.02"]
[Round "8"]
[White "Ulybin, Mikhail"]
[Black "Karpatchev, Aleksandr"]
[Result "1-0"]
[ECO "D02"]
[WhiteElo "2529"]
[BlackElo "2458"]
[Annotator "RR"]
[PlyCount "138"]
[EventDate "2012.10.27"]
[EventType "swiss"]
[EventRounds "9"]
[EventCountry "FRA"]
[SourceTitle "EXT 2014"]
[Source "ChessBase"]
[SourceDate "2013.11.20"]
[SourceVersion "1"]
[SourceVersionDate "2013.11.20"]
[SourceQuality "1"]
[TimeControl "40/5400+30:1800+30"]
[WhiteClock "1:30:00"]
[BlackClock "1:30:00"]

1. Nf3 d5 2. g3 g6 3. Bg2 Bg7 4. d4 c6 5. O-O Nf6 6. Be3 {[%emt 0:
04:05][%cal Gd1d2,Gd2c1,Ge3h6] Une ligne secondaire jouée par Aronian en
premier} (6. c4) (6. Nbd2) 6... O-O (6... Ng4 7. Bf4) 7. Qc1 Re8 (7... Qb6 8. h3 Bf5) 8. Rd1 Bf5 9. c4 Nbd7 10. h3 (10. Ne5 Rc8 {Maletin,P (2429)-Vitiugov,N (2474)
RUS-ch U20 Samara 2004 (7) 1-0}) 10... Nb6 11. Na3 (11. Nbd2) 11... Be4 12. Bf4 dxc4 13. Nxc4 Nxc4 14. Qxc4 Qb6 15. Ne5 Bd5 16. Qc2 Bxg2 17. Kxg2 Nd5 18. Nf3 $1 Nxf4+ 19.
gxf4 Rad8 20. e3 $14 Rd5 21. Rac1 Red8 22. Rd3 (22. b3) 22... Rb5 23. b3 Rbd5 24. Rc3 e6 25.
Rc4 Qc7 26. b4 a5 $1 27. Rb1 Rb5 28. bxa5 Qxa5 29. Rxb5 Qxb5 30. Rc3 Ra8 31. Rb3 Qa6 32. Rb2 h6 33. Qc1 (33. Ne1 ) 33... Ra7 34.
Qc5 Bf8 35. Qe5 Qa3 36. Rc2 Qd6 37. Qxd6 Bxd6 38. Nd2 Kf8 39. Kf3 Ke7 40. Nc4 Bc7 41. h4 f5 42. Rb2 Kf6 43. Ne5 Bd6 44.
a4 Bc7 45. Rb1 Bxe5 46. fxe5+ Kf7 47. Kf4 Kg7 48. a5 $14 {[%emt 0:01:55][%csl Ra7,Gb1,
Rb7] La finale est un peu meilleure pour les Blancs qui ont des pièces plus
actives mais le K Blanc manque de cases d'accès} Kf7 49. f3 $1 Ke7 50. e4 Kf7 (50... fxe4) 51. Rb6 (51. exf5 {
Semblait plus anturel pour donner des cases d'accès au K Blanc} gxf5 (51...
exf5 $6 52. h5 ) 52. h5 Kg7 (52... Ke7 53. Rg1 Ra6) 53. Ke3 (53. Rg1+ Kf7 54. Rg6 Rxa5 55. Rf6+ Ke7 56. Rxh6 Ra4 57.
Rh7+ Kf8 58. Rxb7 Rxd4+ 59. Kg5 $18 ) 53... Rxa5 54.
Rxb7+ Kf8 55. Rc7 Ra3+ 56. Kf4 Rd3 $1 57. Rh7 Rxd4+ 58. Kg3 c5 59.
Rxh6 Ke7 60. Rh7+ Kf8 (60... Kd8 61. h6) 61. Rc7 c4 62. h6 Kg8 63. Re7 c3 64.
Rc7 c2 65. Rxc2 Kh7 66. Rh2) 51... Ke7 52. d5 fxe4 53. fxe4 cxd5 54. exd5 g5+ $1 55. hxg5 hxg5+ 56. Kxg5 exd5 57. Kf5 d4 $1 58. Rh6 Rxa5 59. Rh7+ Kd8 60. Kf6 Ra1 (60... d3) 61. e6 Rf1+ 62. Ke5 Ra1 63. Kf6 (63. Kxd4 $11) 63... Rf1+ 64. Ke5 Ra1 65. Rxb7 d3 66.
Rd7+ Ke8 67. Rxd3 Ke7 68. Rd7+ Ke8 69. Rd2 Ke7 1-0

[Event "Sautron op 15th"]
[Site "Sautron"]
[Date "2015.10.24"]
[Round "8.3"]
[White "Ider, Borya"]
[Black "Bailet, Pierre"]
[Result "1/2-1/2"]
[ECO "D02"]
[WhiteElo "2464"]
[BlackElo "2515"]
[Annotator "RR"]
[PlyCount "97"]
[EventDate "2015.10.24"]
[EventType "swiss"]
[EventRounds "9"]
[EventCountry "FRA"]
[SourceTitle "CBM 169 Extra"]
[Source "ChessBase"]
[SourceDate "2015.12.18"]
[SourceVersion "1"]
[SourceVersionDate "2015.12.18"]
[SourceQuality "1"]
[TimeControl "40/5400+30:1800+30"]
[WhiteClock "1:25:31"]
[BlackClock "0:33:04"]

1. d4 d5 2. Nf3 Nf6 3. g3 c6 4. Bg2 Bg4 (4... Bf5) 5. O-O Nbd7 6. Nbd2 e6 7. h3 Bh5 8. g4 Bg6 9. Nh4 Bd6 (9... Be7) 10. Nxg6 $146 ({
Pertinent:} 10. e3 Qe7 11. f4 Ne4 12. Nxg6 hxg6 13. Nxe4 dxe4 14. c4 g5 15. Qb3
O-O-O 16. c5 Bc7 17. fxg5 Qxg5 18. Rxf7 Qh4 19. Qxe6 Qe1+ 20. Rf1 Qg3 21. Rf7
Rhf8 22. Qxd7+ Rxd7 23. Rxf8+ Rd8 24. Rxd8+ Kxd8 25. Bd2 Kd7 26. Re1 Bd8 27.
Re2 Bg5 28. Kf1 Ke6 29. Be1 Qh2 30. b4 a6 31. a4 Kd7 32. Bf2 Ke6 33. Rb2 Bd8
34. b5 axb5 35. axb5 Bc7 36. b6 Bb8 37. Ra2 g5 38. Ra7 Kd5 39. Rxb7 Ke6 {
Moussard,J (2423)-Barbot,P (2465) Pau 2015 1-0}) 10... hxg6 11. e3 e5 $11 12. Qe2 Qe7 13. Re1 O-O-O 14. c4 exd4 15. exd4 Qxe2 16. Rxe2 Rde8 17. Rxe8+ Rxe8 $32 {[%emt 0:00:05][%csl Ra1,Rc1] Non seulement les Blancs n'ont
rien obtenu de l'ouverture mais Pierre a obtenu une petite avance de
développement} 18. Kf1 dxc4 19.
Nxc4 Bc7 20. b3 Nb6 21. Ba3 Nfd5 (21... Nbd5) (
21... Kd7 $5 22. Rd1 Nbd5 $15 ) 22. Nd6+ Bxd6 23. Bxd6 Kd7 24. Bg3 g5 25. h4 gxh4 26. Bxh4 f6 27. Bg3 g5 28. a4 $1 {[%emt 0:00:10] Nbd5 au lieu
de Nfd5 n'aurait pas laissé cette option aux Blancs} Nf4 29.
Bxf4 gxf4 30. a5 Nd5 31. a6 $1 b6 32. Bxd5 $1 (32. Rc1 Nb4) 32... cxd5 33. Kg2 (33. Rc1 $6 Rc8 34. Rxc8 Kxc8 35. Ke2 b5 36. Kd3 b4 ) 33... Rh8 34. Kf3 Rh3+ 35. Kxf4 Rxb3 36. Rh1 Ke6 37. Rh7 Rd3 38. f3 Rxd4+ 39. Ke3 Ra4 40. Rxa7 {[%emt 0:00:00][%csl Ga4,Ra7] Le
P "a6" est difficile à valoriser à cause de la position des R} Ra3+ 41. Kf4 Ra4+ 42. Kg3 b5 $1 43. Ra8 Kf7 44. Kf2 (44. a7 Kg7 45. Rd8 Rxa7 46. Rxd5 Rb7 ) 44... b4 45. a7 b3 46. Ke3 b2 $1 47. Rb8 Rxa7 48. Rxb2 Kg6 49. Rd2 1/2-1/2